 Dungeon Crawl Stone Soup version 0.18-a0-1426-g3b9a63c (webtiles) character file.

149 chei the Magician (level 5, 45/45 HPs)
             Began as a Naga Wizard on Feb 27, 2016.
             Was a Follower of Jiyva.
             Quit the game on level 2 of the Dungeon.
             The game lasted 00:06:52 (2981 turns).

chei the Magician (Naga Wizard)                     Turns: 2981, Time: 00:06:52

Health: 45/45      AC:  4    Str:  9    XL:     5   Next: 31%
Magic:  10/10      EV: 10    Int: 20    God:    Jiyva [*.....]
Gold:   74         SH:  0    Dex:  9    Spells: 3 memorised, 5 levels left

rFire  . . .     SeeInvis +     l - +0 mace
rCold  . . .     Gourm    .     a - +0 robe
rNeg   . . .     Faith    .     (no shield)
rPois  +         Spirit   .     f - +0 helmet
rElec  .         Dismiss  .     m - +0 cloak
rCorr  .         Reflect  .     (no gloves)
SustAt .         Harm     .     (no barding)
MR     .....                    (no amulet)
Stlth  ++........               (no ring)
                                (no ring)

@: very slow, not resistant to hostile enchantments, unstealthy
A: see invisible, deformed body, poison resistance, slowness 2, slow metabolism
1, spit poison 2, AC +1
a: Spit Poison, Request Jelly, Renounce Religion


You were on level 2 of the Dungeon.
You worshipped Jiyva.
Jiyva was aware of your devotion.
You were hungry.

You visited 1 branch of the dungeon, and saw 2 of its levels.

You collected 74 gold pieces.

Inventory:

Hand Weapons
 l - a +0 mace (weapon)
Armour
 a - a +0 robe (worn)
 b - a +0 hat
 f - a +0 helmet (worn)
 m - a +0 cloak (worn)
Scrolls
 k - a scroll of enchant armour {unknown}
 n - a scroll of teleportation {unknown}
 o - a scroll of identify
Potions
 e - 2 potions of heal wounds {unknown}
 g - a potion of haste
 i - a potion of curing
Books
 c - a book of Minor Magic

   Spells                             Type                      Level
   a - Magic Dart                     Conjuration                  1
   b - Blink                          Translocation                2
   c - Call Imp                       Summoning                    2
   d - Repel Missiles                 Charms/Air                   2
   e - Slow                           Hexes                        2
   f - Conjure Flame                  Conjuration/Fire             3
   g - Mephitic Cloud                 Conjuration/Poison/Air       3
Comestibles
 d - 2 bread rations
 h - 2 meat rations
 j - a royal jelly


   Skills:
 * Level 1.8 Fighting
 + Level 2.8 Dodging
 - Level 3.0 Stealth
 + Level 3.8 Spellcasting
 + Level 1.8 Conjurations
   Level 1.0 Summonings
 + Level 1.0 Translocations
 * Level 1.3 Poison Magic


You had 5 spell levels left.
You knew the following spells:

 Your Spells              Type           Power        Failure   Level  Hunger
a - Magic Dart            Conj           ##..         10%         1    None
b - Blink                 Tloc           N/A          17%         2    ##.....
c - Mephitic Cloud        Conj/Pois/Air  #.......     24%         3    ###....


Dungeon Overview and Level Annotations

Branches:
Dungeon (2/15)

Altars:
Jiyva


Innate Abilities, Weirdness & Mutations

You cannot wear boots.
Your serpentine skin is tough (AC +1).
You have supernaturally acute eyesight.
Armour fits poorly on your strangely shaped body.
Your system is resistant to poisons.
You cover ground very slowly.
You have a slow metabolism.
You can spit poison.


Message History

Okay, then.
Okay, then.
Done exploring.
Done exploring.
Done exploring.
No target in view!
Done exploring.
No target in view!
Search for what [Enter for "."]? .
Unknown command.
(D) Dungeon
Where to? (Enter - D:2 @ (x,y), ? - help)
What level of the Dungeon? (default 1, ? - help)
The goblin shouts!
The goblin is too close now for your liking.
You hear a series of splatters.
You closely miss the goblin. The goblin misses you.
The goblin hits you but does no damage.
You closely miss the goblin. The goblin barely misses you.
Are you sure you want to abandon this character and quit the game? (Confirm with "yes".)

#..................
#..................
#.......g..........
#.........g........
##########..............#
###....# #....##.........##
#......###.##.##.........##
#..#...##..#...............
#.#_#.....@g.......######.(
#..#...######.####.........
#......# #..########..##
#......# ##..........###
######## #..######### ####


You could see a goblin.

Vanquished Creatures
  Ijyb (D:2)
  Terence (D:2)
  5 adders (D:2)
  A worm (D:2)
  3 dart slugs (D:1)
  2 ball pythons
  5 bats
  3 giant cockroaches (D:1)
  5 goblins
  7 hobgoblins
  2 jackals (D:1)
  2 quokkas
  4 giant newts
  5 kobolds
  5 rats
51 creatures vanquished.

Notes
Turn   | Place    | Note
--------------------------------------------------------------
     0 | D:1      | chei the Naga Wizard began the quest for the Orb.
     0 | D:1      | Reached XP level 1. HP: 15/15 MP: 4/4
    74 | D:1      | Reached XP level 2. HP: 4/24 MP: 0/6
   889 | D:1      | Reached XP level 3. HP: 27/30 MP: 0/8
  1029 | D:1      | Reached skill level 1 in Fighting
  1625 | D:2      | Learned a level 2 spell: Blink
  1629 | D:2      | Learned a level 3 spell: Mephitic Cloud
  1647 | D:2      | Reached XP level 4. HP: 33/38 MP: 6/9
  2135 | D:2      | Noticed Terence
  2150 | D:2      | Killed Terence
  2417 | D:2      | Reached skill level 1 in Poison Magic
  2526 | D:2      | Reached XP level 5. HP: 9/44 MP: 8/10
  2846 | D:2      | Noticed Ijyb
  2863 | D:2      | Killed Ijyb
  2871 | D:2      | Found a faded altar to an unknown god.
  2972 | D:2      | Became a worshipper of Jiyva Jilirosa the Shapeless
  2972 | D:2      | Reached * piety under Jiyva
  2981 | D:2      | Quit the game

Vault maps used:
D:1:      lemuel_arrival_funnel
D:2:      ecumenical_altar_1, uniq_terence, uniq_iyjb

Skill      XL: |  1  2  3  4 |
---------------+-------------+-----
Fighting       | 1 |  1.8
Dodging        | 2 |  2.8
Poison Magic   | 1 |  1.3
Stealth        | |  3.0
Spellcasting   | |  3.8
Conjurations   | |  1.8
Summonings     | |  1.0
Translocations | |  1.0

Action                   |  1- 3 |  4- 6 || total
-------------------------+-------+-------++-------
Melee: Unarmed           |    67 |    14 ||    81
       Mace              |       |    60 ||    60
 Cast: Magic Dart        |    51 |    18 ||    69
       Mephitic Cloud    |       |     1 ||     1
 Abil: Spit Poison       |    14 |     7 ||    21
  Use: Scroll            |     2 |       ||     2
       Potion            |       |     1 ||     1
 Stab: Sleeping          |     3 |       ||     3
       Confused          |       |     1 ||     1
  Eat: Chunk             |     2 |     3 ||     5
